TOP OF THE 1ST |
Gresham Gold Souls batting - Pitching for Spokane Trappers : RHP José Ortíz
|
Pitching: RHP José Ortíz
|
|
Batting: LHB Bill Smith
|
0-0: Called Strike 0-1: Ball 1-1: Fly out, F8 (Flyball, 8LS)
|
Batting: SHB Sean Carr
|
0-0: Called Strike 0-1: Ball 1-1: Ground out 6-3 (Groundball, 6)
|
Batting: RHB Peter Hensley
|
0-0: Foul Ball, location: 2F 0-1: Called Strike 0-2: Foul Ball, location: 2F 0-2: Ball 1-2: Reached on error, E6 (Groundball, 6M)
|
Pitching: RHP Ching-wei Zi
|
|
Batting: RHB Lorenzo Morín
|
0-0: Called Strike 0-1: Foul Ball, location: 2F 0-2: Ball 1-2: Strikes out swinging
|
Top of the 1st over - 0 run(s), 0 hit(s), 1 error(s), 1 left on base; Gresham 0 - Spokane 0 |
BOTTOM OF THE 1ST |
Spokane Trappers batting - Pitching for Gresham Gold Souls : LHP Kip Manning
|
Pitching: LHP Kip Manning
|
|
Batting: RHB Tomás Carranza
|
0-0: Ball 1-0: Ball 2-0: Foul Ball, location: 2F 2-1: SINGLE (Groundball, 56D) (infield hit)
|
Batting: RHB Keith Kirkpatrick
|
0-0: Called Strike 0-1: Ball 1-1: Ball 2-1: Ball 3-1: SINGLE (Line Drive, 4D) Tomás Carranza to second
|
Batting: RHB José Gómez
|
0-0: Ball 1-0: Swinging Strike 1-1: Foul Ball, location: 2F 1-2: Fly out, F9 (Flyball, 89S)
|
Batting: RHB Ramiro Ross
|
0-0: Called Strike Tomás Carranza is caught stealing 3rd base Keith Kirkpatrick to second 0-1: Ground out 4-3 (Groundball, 4)
|
Bottom of the 1st over - 0 run(s), 2 hit(s), 0 error(s), 1 left on base; Gresham 0 - Spokane 0 |
TOP OF THE 2ND |
Gresham Gold Souls batting - Pitching for Spokane Trappers : RHP Ching-wei Zi
|
Batting: RHB Mario Méndez
|
0-0: Fly out, F9 (Flyball, 9S)
|
Batting: RHB Matt Davidson
|
0-0: Ball 1-0: Called Strike 1-1: Called Strike 1-2: Foul Ball, location: 2F 1-2: Ball 2-2: Ground out 5-3 (Groundball, 56)
|
Batting: SHB Todd Smith
|
0-0: Called Strike 0-1: Foul Ball, location: 2F 0-2: Ground out 1-3 (Groundball, 15)
|
Top of the 2nd over - 0 run(s), 0 hit(s), 0 error(s), 0 left on base; Gresham 0 - Spokane 0 |
BOTTOM OF THE 2ND |
Spokane Trappers batting - Pitching for Gresham Gold Souls : LHP Kip Manning
|
Batting: LHB Héctor Rentería
|
0-0: Ball 1-0: Ball 2-0: Ball 3-0: Called Strike 3-1: Called Strike 3-2: SINGLE (Groundball, 56D)
|
Batting: RHB Clyde Kelley
|
0-0: Called Strike 0-1: Ball 1-1: Ball 2-1: Grounds into double play, 5-4-3 (Groundball, 56)
|
Batting: SHB Nick Cox
|
0-0: Called Strike 0-1: Foul Ball, location: 2F 0-2: Foul Ball, location: 2F 0-2: Ball 1-2: Foul Ball, location: 2F 1-2: Fly out, F7 (Flyball, 78XD)
|
Bottom of the 2nd over - 0 run(s), 1 hit(s), 0 error(s), 0 left on base; Gresham 0 - Spokane 0 |
TOP OF THE 3RD |
Gresham Gold Souls batting - Pitching for Spokane Trappers : RHP Ching-wei Zi
|
Batting: RHB Pablo Castillo
|
0-0: SINGLE (Groundball, 13) (infield hit)
|
Batting: RHB Jim Edgar
|
0-0: Ball 1-0: Called Strike 1-1: SINGLE (Groundball, 6MD) Pablo Castillo to second Runner from 2nd tries for 3rd, SAFE, no throw or cutoff
|
Batting: LHB Bill Smith
|
0-0: Called Strike 0-1: Ball 1-1: Called Strike 1-2: Fly out, F8 (Flyball, 8RXD) Runner from 3rd tags up, SCORES, no throw
|
Batting: SHB Sean Carr
|
0-0: Ball 1-0: Called Strike 1-1: Foul Ball, location: 2F 1-2: Ball 2-2: Foul Ball, location: 2F 2-2: Foul Ball, location: 2F 2-2: Ball 3-2: Base on Balls Jim Edgar to second
|
Pitching: RHP Dustin Newman
|
|
Batting: RHB Peter Hensley
|
0-0: Ball 1-0: Ball 2-0: Fly out, F8 (Flyball, 8LM)
|
Batting: RHB Lorenzo Morín
|
0-0: Ball 1-0: Ball 2-0: Fly out, F6 (Popup, 6D)
|
Top of the 3rd over - 1 run(s), 2 hit(s), 0 error(s), 2 left on base; Gresham 1 - Spokane 0 |
BOTTOM OF THE 3RD |
Spokane Trappers batting - Pitching for Gresham Gold Souls : LHP Kip Manning
|
Batting: RHB Pedro Rodríguez
|
0-0: Ball 1-0: Ground out 3-1 (Groundball, 34S)
|
Batting: LHB Juan Viera
|
0-0: DOUBLE (Line Drive, 9LM)
|
Batting: RHB Tomás Carranza
|
0-0: Foul Ball, location: 2F 0-1: Swinging Strike 0-2: Ground out 4-3 (Groundball, 13) Juan Viera to third
|
Batting: RHB Keith Kirkpatrick
|
0-0: Called Strike 0-1: Ball 1-1: Foul Ball, location: 2F 1-2: Ball 2-2: Ball 3-2: Fly out, F6 (Line Drive, 6M)
|
Bottom of the 3rd over - 0 run(s), 1 hit(s), 0 error(s), 1 left on base; Gresham 1 - Spokane 0 |
TOP OF THE 4TH |
Gresham Gold Souls batting - Pitching for Spokane Trappers : RHP Dustin Newman
|
Batting: RHB Mario Méndez
|
0-0: SINGLE (Flyball, 78S)
|
Batting: RHB Matt Davidson
|
0-0: Ball 1-0: Swinging Strike 1-1: SINGLE (Groundball, 4D) Mario Méndez to second Runner from 2nd tries for 3rd, SAFE, throw made to third
|
Batting: SHB Todd Smith
|
0-0: Ball 1-0: Swinging Strike 1-1: Foul Ball, location: 2F 1-2: Ball 2-2: Foul Ball, location: 2F 2-2: Ball 3-2: Base on Balls Matt Davidson to second
|
Batting: RHB Pablo Castillo
|
0-0: Swinging Strike 0-1: Called Strike 0-2: Fly out, F9 (Flyball, 9M) Runner from 3rd tags up, SCORES, throw made
|
Batting: RHB Jim Edgar
|
0-0: SINGLE (Line Drive, 8LS) Matt Davidson to third Todd Smith to second Runner from 3rd tries for Home, SAFE, throw made home
|
Batting: LHB Bill Smith
|
0-0: Called Strike 0-1: Ball 1-1: Foul Ball, location: 2F 1-2: Fly out, F8 (Flyball, 8LM)
|
Batting: SHB Sean Carr
|
0-0: Called Strike 0-1: SINGLE (Line Drive, 56D) Todd Smith to third Jim Edgar to second Runner from 3rd tries for Home, SAFE, no throw or cutoff
|
Batting: RHB Peter Hensley
|
0-0: Ball 1-0: Fly out, F5 (Popup, 15)
|
Top of the 4th over - 3 run(s), 4 hit(s), 0 error(s), 2 left on base; Gresham 4 - Spokane 0 |
BOTTOM OF THE 4TH |
Spokane Trappers batting - Pitching for Gresham Gold Souls : LHP Kip Manning
|
Batting: RHB José Gómez
|
0-0: Swinging Strike 0-1: Ball 1-1: Ball 2-1: Foul Ball, location: 2F 2-2: Strikes out swinging
|
Batting: RHB Ramiro Ross
|
0-0: Fly out, F8 (Flyball, 8RM)
|
Batting: LHB Héctor Rentería
|
0-0: Ball 1-0: Ball 2-0: Called Strike 2-1: SINGLE (Groundball, 56D)
|
Batting: RHB Clyde Kelley
|
0-0: Called Strike 0-1: Fly out, F9 (Flyball, 89M)
|
Bottom of the 4th over - 0 run(s), 1 hit(s), 0 error(s), 1 left on base; Gresham 4 - Spokane 0 |
TOP OF THE 5TH |
Gresham Gold Souls batting - Pitching for Spokane Trappers : RHP Dustin Newman
|
Batting: RHB Lorenzo Morín
|
0-0: Ball 1-0: Called Strike 1-1: Foul Ball, location: 2F 1-2: Foul Ball, location: 2F 1-2: Ball 2-2: Ground out 6-3 (Groundball, 6)
|
Batting: RHB Mario Méndez
|
0-0: Ball 1-0: Ball 2-0: Ground out 5-3 (Groundball, 5)
|
Batting: RHB Matt Davidson
|
0-0: Ball 1-0: Called Strike 1-1: Ball 2-1: Foul Ball, location: 2F 2-2: Strikes out swinging
|
Top of the 5th over - 0 run(s), 0 hit(s), 0 error(s), 0 left on base; Gresham 4 - Spokane 0 |
BOTTOM OF THE 5TH |
Spokane Trappers batting - Pitching for Gresham Gold Souls : LHP Kip Manning
|
Batting: SHB Nick Cox
|
0-0: Called Strike 0-1: Called Strike 0-2: Strikes out swinging
|
Batting: RHB Pedro Rodríguez
|
0-0: Called Strike 0-1: Ball 1-1: Called Strike 1-2: Ball 2-2: Strikes out swinging
|
Batting: LHB Juan Viera
|
0-0: Ball 1-0: Ball 2-0: Foul Ball, location: 2F 2-1: Called Strike 2-2: Ground out 4-3 (Groundball, 4)
|
Bottom of the 5th over - 0 run(s), 0 hit(s), 0 error(s), 0 left on base; Gresham 4 - Spokane 0 |
TOP OF THE 6TH |
Gresham Gold Souls batting - Pitching for Spokane Trappers : RHP Dustin Newman
|
Batting: SHB Todd Smith
|
0-0: Ball 1-0: Ball 2-0: Ball 3-0: Called Strike 3-1: Base on Balls
|
Batting: RHB Pablo Castillo
|
0-0: Swinging Strike 0-1: Ball 1-1: Swinging Strike 1-2: Fly out, F9 (Flyball, 89S)
|
Batting: RHB Jim Edgar
|
0-0: Ball 1-0: Foul Ball, location: 2F 1-1: Fly out, F3 (Popup, 3S)
|
Batting: LHB Bill Smith
|
0-0: Foul Ball, location: 2F 0-1: Swinging Strike 0-2: Ball 1-2: Ball 2-2: Foul Ball, location: 2F 2-2: Foul Ball, location: 2F 2-2: Fly out, F4 (Line Drive, 4M)
|
Top of the 6th over - 0 run(s), 0 hit(s), 0 error(s), 1 left on base; Gresham 4 - Spokane 0 |
BOTTOM OF THE 6TH |
Spokane Trappers batting - Pitching for Gresham Gold Souls : LHP Kip Manning
|
Batting: RHB Tomás Carranza
|
0-0: Ground out 6-3 (Groundball, 6M)
|
Batting: RHB Keith Kirkpatrick
|
0-0: Ball 1-0: Ball 2-0: Fly out, F4 (Popup, 3D)
|
Batting: RHB José Gómez
|
0-0: Ball 1-0: Ball 2-0: SINGLE (Flyball, 9S)
|
Batting: RHB Ramiro Ross
|
0-0: Called Strike 0-1: Ball 1-1: Swinging Strike 1-2: Fly out, F8 (Flyball, 8RM)
|
Bottom of the 6th over - 0 run(s), 1 hit(s), 0 error(s), 1 left on base; Gresham 4 - Spokane 0 |
TOP OF THE 7TH |
Gresham Gold Souls batting - Pitching for Spokane Trappers : RHP Dustin Newman
|
Pitching: LHP Alberto Cabrera
|
|
Batting: SHB Sean Carr
|
0-0: Swinging Strike 0-1: Swinging Strike 0-2: Foul Ball, location: 2F 0-2: Strikes out swinging
|
Batting: RHB Peter Hensley
|
0-0: Ball 1-0: SINGLE (Line Drive, 7S)
|
Batting: RHB Lorenzo Morín
|
0-0: DOUBLE (Line Drive, 7LS) Peter Hensley to third
|
Batting: RHB Mario Méndez
|
0-0: Ball Passed Ball! Peter Hensley scores Lorenzo Morín to third 1-0: Ball 2-0: Ball 3-0: Base on Balls
|
Batting: RHB Matt Davidson
|
0-0: Called Strike 0-1: Swinging Strike 0-2: Strikes out swinging
|
Batting: SHB Todd Smith
|
0-0: Called Strike 0-1: Ball 1-1: Called Strike 1-2: Ball 2-2: Strikes out looking
|
Top of the 7th over - 1 run(s), 2 hit(s), 0 error(s), 2 left on base; Gresham 5 - Spokane 0 |
BOTTOM OF THE 7TH |
Spokane Trappers batting - Pitching for Gresham Gold Souls : LHP Kip Manning
|
Batting: LHB Héctor Rentería
|
0-0: Ball 1-0: Fly out, F9 (Line Drive, 9D)
|
Batting: RHB Clyde Kelley
|
0-0: Called Strike 0-1: Ball 1-1: DOUBLE (Line Drive, 5D)
|
Pitching: RHP David Green
|
|
Batting: SHB Nick Cox
|
0-0: Called Strike 0-1: Called Strike 0-2: Foul Ball, location: 2F 0-2: Foul Ball, location: 2F 0-2: Ball 1-2: Hit by Pitch
|
Batting: RHB Pedro Rodríguez
|
0-0: Ball 1-0: Swinging Strike 1-1: Fly out, F9 (Flyball, 9D) Runner from 2nd tags up, SAFE at 3rd, no throw
|
Batting: LHB Juan Viera
|
0-0: Ball 1-0: Foul Ball, location: 2F 1-1: Foul Ball, location: 2F 1-2: Ball 2-2: Ball 3-2: Base on Balls Nick Cox to second
|
Batting: RHB Tomás Carranza
|
0-0: Ball 1-0: Fly out, F9 (Flyball, 9D)
|
Bottom of the 7th over - 0 run(s), 1 hit(s), 0 error(s), 3 left on base; Gresham 5 - Spokane 0 |
TOP OF THE 8TH |
Gresham Gold Souls batting - Pitching for Spokane Trappers : LHP Alberto Cabrera
|
Batting: RHB Pablo Castillo
|
0-0: Called Strike 0-1: Ball 1-1: Foul Ball, location: 2F 1-2: Ball 2-2: Strikes out swinging
|
Batting: RHB Jim Edgar
|
0-0: Ball 1-0: Swinging Strike 1-1: Foul Ball, location: 2F 1-2: Strikes out swinging
|
Batting: LHB Bill Smith
|
0-0: Ball 1-0: Ground out 1-3 (Groundball, 13)
|
Top of the 8th over - 0 run(s), 0 hit(s), 0 error(s), 0 left on base; Gresham 5 - Spokane 0 |
BOTTOM OF THE 8TH |
Spokane Trappers batting - Pitching for Gresham Gold Souls : RHP David Green
|
Now in CF: Jeff McKinney
|
|
Batting: RHB Keith Kirkpatrick
|
0-0: Ball 1-0: Foul Ball, location: 2F 1-1: Called Strike 1-2: Strikes out swinging
|
Batting: RHB José Gómez
|
0-0: Called Strike 0-1: Ball 1-1: Foul Ball, location: 2F 1-2: Ball 2-2: Ball 3-2: Reached on error, E5 (Groundball, 5)
|
Batting: RHB Ramiro Ross
|
0-0: Ball 1-0: Ball 2-0: Called Strike 2-1: Fly out, F8 (Flyball, 8LM)
|
Batting: LHB Héctor Rentería
|
0-0: Ball 1-0: Ball 2-0: Called Strike 2-1: Swinging Strike 2-2: Ball 3-2: Base on Balls José Gómez to second
|
Batting: RHB Clyde Kelley
|
0-0: Ball 1-0: Fly out, F9 (Flyball, 9D)
|
Bottom of the 8th over - 0 run(s), 0 hit(s), 1 error(s), 2 left on base; Gresham 5 - Spokane 0 |
TOP OF THE 9TH |
Gresham Gold Souls batting - Pitching for Spokane Trappers : LHP Alberto Cabrera
|
Batting: SHB Sean Carr
|
0-0: Ball 1-0: Foul Ball, location: 2F 1-1: Ball 2-1: Swinging Strike 2-2: Strikes out swinging
|
Batting: RHB Peter Hensley
|
0-0: Called Strike 0-1: Ball 1-1: Ground out 4-3 (Groundball, 4)
|
Batting: RHB Lorenzo Morín
|
0-0: Called Strike 0-1: Ball 1-1: Ball 2-1: SINGLE (Line Drive, 4)
|
Batting: RHB Mario Méndez
|
0-0: Foul Ball, location: 2F 0-1: Ball 1-1: Fly out, F9 (Popup, 4D)
|
Top of the 9th over - 0 run(s), 1 hit(s), 0 error(s), 1 left on base; Gresham 5 - Spokane 0 |
BOTTOM OF THE 9TH |
Spokane Trappers batting - Pitching for Gresham Gold Souls : RHP David Green
|
Batting: SHB Nick Cox
|
0-0: Foul Ball, location: 2F 0-1: SINGLE (Line Drive, 6MD)
|
Batting: RHB Pedro Rodríguez
|
0-0: Foul Ball, location: 2F 0-1: Fly out, F8 (Flyball, 89M)
|
Batting: LHB Juan Viera
|
0-0: Ball 1-0: Foul Ball, location: 2F 1-1: Fly out, F4 (Line Drive, 4)
|
Batting: RHB Tomás Carranza
|
0-0: Called Strike 0-1: Fly out, F8 (Flyball, 8RM)
|
Bottom of the 9th over - 0 run(s), 1 hit(s), 0 error(s), 1 left on base; Gresham 5 - Spokane 0 |
|